 Dungeon Crawl Stone Soup version 0.26.0-41-g79a4fc7684 (webtiles) character file.

Game seed: 8966784267585362336

4848 DasRunzen the Schismatic (level 10, 0/77 HPs)
             Began as a Demonspawn Abyssal Knight on Jan 26, 2021.
             Was an Elder of Lugonu.
             Slain by a wyvern (8 damage)
             ... on level 9 of the Dungeon.
             The game lasted 00:22:00 (10097 turns).

DasRunzen the Schismatic (DsAK)                    Turns: 10097, Time: 00:22:01

Health: 0/77       AC: 10    Str: 17    XL:     10   Next: 25%
Magic:  0/16       EV: 14    Int: 17    God:    Lugonu [****..]
Gold:   403        SH:  0    Dex: 18    Spells: 9/9 levels left

rFire    + . .     SeeInvis .   q - +8 dire flail of Damp Responsibility {flame, +Blink}
rCold    + . .     Faith    .   (shield currently unavailable)
rNeg     . . .     Spirit   +   y - +1 ring mail of the Arcane {Regen+} (curse)
rPois    .         Reflect  .   (no helmet)
rElec    .         Harm     .   n - scarf {rC+ rF+}
rCorr    .         Rampage  .   s - +1 pair of gloves
Will     .....                  f - +0 pair of boots
Stlth    +.........             (no amulet)
HPRegen  0.62/turn              e - +6 ring of dexterity
MPRegen  0.30/turn              j - ring of wizardry

@: lethally poisoned (0 -> -1), marked
A: talons 1, demonic guardian 1, magic shield, magic regeneration, big brain 2
a: Renounce Religion, Evoke Blink, Depart the Abyss, Bend Space, Banish, Corrupt


You were on level 9 of the Dungeon.
You worshipped Lugonu.
Lugonu was greatly pleased with you.
You visited 1 branch of the dungeon, and saw 9 of its levels.
You visited the Abyss 1 time.

You collected 592 gold pieces.
You spent 189 gold pieces at shops.

Inventory:

Hand Weapons
 q - the +8 dire flail of Damp Responsibility (weapon) {flame, +Blink}
   (You bought it in a shop on level 5 of the Dungeon)

   It has been specially enchanted to burn those struck by it, causing extra
   injury to most foes and up to half again as much damage against particularly
   susceptible opponents.
   It lets you blink.
 A - a +1 glaive of flaming
 D - the +8 mithril axe "Arga" {speed, Will+}
   (You found it on level 8 of the Dungeon)

   Attacks with this weapon are significantly faster.
   It affects your willpower, your defense against some magical effects.
Armour
 f - a +0 pair of boots (worn)
 n - a scarf of resistance (worn)
 s - a +1 pair of gloves (worn)
 y - the cursed +1 ring mail of the Arcane (worn) {Regen+}
   (You found it on level 8 of the Dungeon)

   It increases your rate of regeneration.
   It has a curse placed upon it.
 B - +1 acid dragon scales
Jewellery
 e - a +6 ring of dexterity (left hand)
 h - a +6 ring of strength
 j - a ring of wizardry (right hand)
 z - an uncursed ring of positive energy {unknown}
Wands
 w - a wand of iceblast (11)
 C - a wand of digging (2)
Scrolls
 a - 2 scrolls of vulnerability {unknown}
 b - 2 scrolls of fog
 d - 3 scrolls of teleportation
 i - 4 scrolls of remove curse
 k - 3 scrolls of amnesia
 t - a scroll of magic mapping
 v - a scroll of fear
Potions
 c - 8 potions of curing
 g - 2 potions of heal wounds
 l - a potion of haste
 m - 2 potions of lignification
 o - a potion of flight {unknown}
 p - a potion of berserk rage {unknown}
 r - 2 potions of cancellation
 u - 2 potions of brilliance
 x - a potion of ambrosia {unknown}


   Skills:
 + Level 6.7 Fighting
 + Level 2.0(4.7) Axes
 + Level 4.1(4.3) Maces & Flails
 - Level 5.1(5.3) Polearms
 + Level 5.8 Armour
 + Level 5.5 Dodging
 + Level 8.5 Invocations
 + Level 4.3 Evocations


You had 9 spell levels left.
You didn't know any spells.
Your spell library contained the following spells:

 Spells                   Type           Power        Failure   Level
 Magic Dart               Conj           0%           16%         1
 Searing Ray              Conj           0%           24%         2
 Confusing Touch          Hex            0%           43%         3
 Dazzling Flash           Conj/Hex       0%           43%         3
 Gell's Gravitas          Tloc           0%           43%         3
 Fulminant Prism          Conj/Hex       0%           82%         4
 Iskenderun's Mystic Bla  Conj/Tloc      0%           82%         4
 Petrify                  Tmut/Erth      0%           82%         4
 Metabolic Englaciation   Hex/Ice        0%           98%         5
 Yara's Violent Unravell  Hex/Tmut       0%           98%         5


Dungeon Overview and Level Annotations

Branches:
Dungeon (9/15)             Temple (0/1) D:6
   Lair: D:8-11         Orc: D:9-12

Altars:
Cheibriados
Dithmenos
Elyvilon
Hepliaklqana
Ru
Uskayaw
Wu Jian
Xom
Yredelemnul
Zin

Shops:
D:5 (


Innate Abilities, Weirdness & Mutations

You have sharp toenails.
A weak demonic guardian rushes to your aid.
When hurt, damage is shared between your health and your magic reserves.
You regenerate magic rapidly.
You have an extremely huge brain. (Int +4)


Message History

The bullfrog hits your quasit but does no damage.
The hound bites you but does no damage.
You see here an arrow.
You feel sick.
The orc warrior grunts repeatedly, as Orcs often do.
The orc warrior hits you with a +0 dire flail!
* * * LOW HITPOINT WARNING * * *
The wyvern closely misses your quasit.
The wyvern bites you but does no damage.
You see here an arrow.
You feel sick. The orc warrior misses you.
An orc wizard comes into view. It is wielding a +0 dagger.
Your quasit bites the slime creature.
Your quasit claws the slime creature. x2
The wyvern bites your quasit!
Your quasit dies!
The hound bites you but does no damage.
You feel sick. The wyvern bites you!
* * * LOW HITPOINT WARNING * * *
The wyvern bites you!
You die...

.########### #########
............
........######## ...........
.............#.#####o.......
.........###.Fl..(('........
.........###B#c.l..#........
...........@loJ(Z......##...
..........####h####....##...
..........#.^#.#^.#.........
#######'#.##^#.#^##.#######.
#...#.^#.#^.#.# #.
#...##^#.#^##.# #.
#...#.^#.#^.#.# #.
...####'####.# #. #)# ##.


You could see a slime creature, an orc warrior, 2 wyverns, a bullfrog, a
centaur, a hound, a worker ant, a leopard gecko and a wyvern skeleton.

Vanquished Creatures
  A centaur warrior (D:9)
  The ghost of Conn the Firebug, a novice FoFE of Sif Muna (D:8)
  Psyche (D:8)
  Maggie (D:8)
  A vampire mosquito (D:6)
  Edmund (D:6)
  A water moccasin (D:7)
  A black bear (D:4)
  3 orc warriors (D:8)
  A sky beast (D:8)
  A phantom (D:7)
  An ice beast (D:5)
  A necrophage (D:6)
  5 ogres
  A centaur (D:5)
  A bullfrog (D:8)
  A water moccasin zombie (D:8)
  3 scorpions
  2 howler monkeys (D:5)
  2 quasits
  A hound (D:8)
  An orc priest (D:8)
  3 jellies
  A centaur skeleton (D:8)
  Crazy Yiuf (D:7)
  13 orc wizards
  4 iguanas
  3 worker ants (D:8)
  A killer bee zombie (D:8)
  2 hound zombies
  A hound skeleton (D:6)
  A worker ant zombie (D:6)
  8 gnolls
  10 adders
  2 shadow imps
  2 white imps
  3 ufetubi
  2 oozes
  An adder zombie (D:5)
  An adder skeleton (D:4)
  A worm (D:3)
  2 dart slugs
  5 leopard geckos
  24 orcs
  3 giant cockroaches
  5 goblins
  5 hobgoblins
  6 jackals
  5 quokkas
  A ball python (D:3)
  7 bats
  2 frilled lizards
  5 kobolds
  2 leopard gecko skeletons
  A leopard gecko zombie (D:5)
  A quokka skeleton (D:5)
  3 rats
169 creatures vanquished.

Vanquished Creatures (collateral kills)
  An ice beast (D:7)
  A bullfrog (D:7)
  An orc priest (D:3)
  An orc wizard (D:3)
  An adder (D:3)
  4 orcs
9 creatures vanquished.

Vanquished Creatures (others)
  11 plants (D:1)
11 creatures vanquished.

Grand Total: 189 creatures vanquished

Notes
Turn   | Place    | Note
-------+----------+-------------------------------------------
     0 | Abyss:1  | DasRunzen the Demonspawn Abyssal Knight began the quest for
                  | the Orb.
     0 | Abyss:1  | Reached XP level 1. HP: 18/18 MP: 2/2
   116 | Abyss:1  | Noticed a large abomination
   137 | Abyss:1  | Noticed a rakshasa
   141 | Abyss:1  | Noticed a starcursed mass
   151 | Abyss:1  | Noticed a rakshasa
   155 | D:1      | Escaped the Abyss
   208 | D:1      | Reached skill level 1 in Dodging
   461 | D:1      | Gained mutation: When hurt, damage is shared between your
                  | health and your magic reserves. [demonic ancestry]
   461 | D:1      | Reached XP level 2. HP: 22/24 MP: 4/4
   514 | D:1      | Reached * piety under Lugonu
  1274 | D:1      | Gained mutation: A weak demonic guardian rushes to your
                  | aid. [demonic ancestry]
  1274 | D:1      | Reached XP level 3. HP: 29/29 MP: 5/5
  1366 | D:2      | Found a snail-covered altar of Cheibriados.
  1371 | D:2      | Reached skill level 3 in Invocations
  1570 | D:2      | Found a white marble altar of Elyvilon.
  2044 | D:3      | Gained mutation: You have sharp toenails. [demonic
                  | ancestry]
  2044 | D:3      | Reached XP level 4. HP: 30/35 MP: 6/6
  2198 | D:3      | Reached ** piety under Lugonu
  2614 | D:3      | Reached XP level 5. HP: 18/42 MP: 3/7
  2856 | D:3      | Reached skill level 4 in Invocations
  3003 | D:3      | Found a faded altar of an unknown god.
  3231 | D:4      | Noticed a black bear
  3243 | D:4      | Killed a black bear
  3244 | D:4      | Gained mutation: You regenerate magic rapidly. [demonic
                  | ancestry]
  3244 | D:4      | Reached XP level 6. HP: 37/48 MP: 6/9
  4266 | D:4      | Reached skill level 5 in Invocations
  4271 | D:4      | Gained mutation: You have an unusually large brain. (Int
                  | +2) [demonic ancestry]
  4271 | D:4      | Reached XP level 7. HP: 25/55 MP: 5/10
  4796 | D:5      | Entered Level 5 of the Dungeon
  4850 | D:5      | Found a shimmering altar of Xom.
  5124 | D:5      | HP: 2/55 [centaur (1)]
  5960 | D:5      | Found Sesidyong's Antique Weapon Shop.
  5966 | D:5      | Reached skill level 5 in Fighting
  5987 | D:5      | Bought a crude dire flail for 189 gold pieces
  5987 | D:5      | Identified the +8 dire flail of Damp Responsibility {flame,
                  | +Blink} (You bought it in a shop on level 5 of the Dungeon)
  6173 | D:6      | Reached skill level 6 in Invocations
  6173 | D:6      | Reached XP level 8. HP: 45/62 MP: 8/12
  6276 | D:6      | Noticed Edmund
  6282 | D:6      | Killed Edmund
  6284 | D:6      | Reached skill level 1 in Maces & Flails
  6284 | D:6      | Reached skill level 1 in Evocations
  6284 | D:6      | Reached *** piety under Lugonu
  6682 | D:6      | Found a hazy altar of Hepliaklqana.
  6725 | D:6      | Found a basalt altar of Yredelemnul.
  6769 | D:6      | Found a transporter.
  6772 | D:6      | Found a transporter.
  6777 | D:6      | Found an ornate altar of the Wu Jian Council.
  6777 | D:6      | Found a sacrificial altar of Ru.
  6963 | D:6      | Found a glowing silver altar of Zin.
  7131 | D:6      | Found a staircase to the Ecumenical Temple.
  7763 | D:7      | Found a runed translucent door.
  7764 | D:7      | Noticed Crazy Yiuf
  7792 | D:7      | Killed Crazy Yiuf
  8264 | D:7      | Reached skill level 7 in Invocations
  8421 | D:7      | Reached XP level 9. HP: 69/69 MP: 14/14
  8650 | D:8      | Noticed Conn's ghost (novice FoFE)
  8655 | D:8      | Got a fine ring mail
  8671 | D:8      | Identified the cursed +1 ring mail of the Arcane {Regen+}
                  | (You found it on level 8 of the Dungeon)
  8823 | D:8      | Reached skill level 5 in Armour
  8882 | D:8      | Found a transporter.
  8893 | D:8      | Found a transporter.
  8947 | D:8      | Found a shimmering altar of Xom.
  8974 | D:8      | Reached skill level 5 in Polearms
  9011 | D:8      | Reached **** piety under Lugonu
  9059 | D:8      | Found a hide-covered altar of Uskayaw.
  9106 | D:8      | Found a glowing silver altar of Zin.
  9179 | D:8      | Found a shadowy altar of Dithmenos.
  9222 | D:8      | Noticed Maggie
  9230 | D:8      | Killed Maggie
  9354 | D:8      | Noticed Psyche
  9360 | D:8      | Killed Psyche
  9361 | D:8      | Reached skill level 5 in Dodging
  9403 | D:8      | Found the +8 mithril axe "Arga" {speed, Will+}
  9880 | D:8      | Killed Conn's ghost
  9881 | D:8      | Reached skill level 1 in Axes
  9881 | D:8      | Reached skill level 8 in Invocations
  9881 | D:8      | Gained mutation: You have an extremely huge brain. (Int +4)
                  | [demonic ancestry]
  9881 | D:8      | Reached XP level 10. HP: 21/77 MP: 2/16
 10064 | D:9      | Noticed a centaur warrior
 10089 | D:9      | Killed a centaur warrior
 10097 | D:9      | Slain by a wyvern

Illustrated notes

Levels and vault maps discovered:
D:1:      roderic_crop_circles_arrival_small, layout_basic
D:2:      layout_rooms, cheibriados_altar_1, nicolae_overflow_hidden_temple,
          elyvilon_altar_3
D:3:      layout_rooms, chequers_ecumenical_altar_island
D:4:      layout_loops_ring
D:5:      layout_basic, nicolae_overflow_crystal_walls, serial_shops, shop_coins
D:6:      layout_loops_corners, general_overflow_altar,
          overflow_temple_1_default, gammafunk_temple_overflow_arena,
          minmay_temple_entry_junction, uniq_edmund
D:7:      layout_cave_pools, eino_small_chamber_without_monster,
          uniq_crazy_yiuf_cottage
D:8:      minmay_skewed_foursquare, layout_gridville, kennysheep_mini_moat,
          lemuel_doored_altar, gammafunk_ghost_arena,
          minmay_misc_feat_diagonals, hangedman_feature_mirror, uniq_psyche,
          uniq_maggie
D:9:      layout_stronghold, grunt_temple_overflow_magic_moments,
          david_lair_generic, serial_shops, shop, grunt_tough_drop

Skill      XL: |  1  2  3  4  5  6  7  8  9 10 |
---------------+-------------------------------+-----
Dodging        | 1 2 3 4 5 |  5.5
Armour         | 2 3 4 5 |  5.8
Polearms       | 2 3 4 5 |  5.1
Invocations    | 3 4 5 6 7 8 |  8.5
Fighting       | 4 5 6 |  6.7
Maces & Flails | 2 3 4 |  4.1
Evocations     | 2 4 |  4.3
Axes           | 1 2 |  2.0

Action                   |  1- 3 |  4- 6 |  7- 9 | 10-12 || total
-------------------------+-------+-------+-------+-------++-------
Melee: Spear             |   131 |   153 |   112 |       ||   396
       Kick              |       |    38 |    53 |       ||    91
       Dire flail        |       |       |   193 |    15 ||   208
Invok: Depart the Abyss  |     1 |       |       |       ||     1
  Use: Scroll            |     5 |     3 |    10 |     1 ||    19
       Potion            |       |       |     8 |       ||     8
 Stab: Sleeping          |     3 |     1 |     2 |       ||     6
       Distracted        |       |     3 |     3 |       ||     6
       Invisible         |       |       |     2 |       ||     2
Armor: Leather armour    |    29 |    15 |    45 |       ||    89
       Ring mail         |       |       |    38 |    21 ||    59
Dodge: Dodged            |    68 |    56 |   194 |    27 ||   345
